 Dungeon Crawl Stone Soup version 0.31-a0-214-gb37851dbb3 (webtiles) character file.

Game seed: 13020092329552745953

151 qw the Shooter (level 5, -1/45 HPs)
             Began as a Minotaur Hexslinger on July 1, 2023.
             Slain by a gnoll sergeant
             ... wielding a +0 spear
              (3 damage)
             ... on level 3 of the Dungeon.
             The game lasted 00:01:04 (2716 turns).

qw the Shooter (Minotaur Hexslinger)                Turns: 2716, Time: 00:01:04

Health: -1/45      AC:  7    Str: 12    XL:     5   Next: 10%
Magic:  5/5        EV: 11    Int: 10    God:
Gold:   164        SH:  0    Dex: 15    Spells: 5/6 levels left

rFire   . . .        Y - +1 sling
rCold   . . .        (no shield)
rNeg    . . .        e - +0 ring mail
rPois   .            f - +2 hat
rElec   .            (no cloak)
rCorr   .            (no gloves)
SInv    .            (no boots)
Will    .....        (no amulet)
Stlth   +            (no ring)
HPRegen 0.27/turn    (no ring)
MPRegen 0.09/turn

%: no passive effects
@: no status effects
A: horns 2, retaliatory headbutt
a: no special abilities


You were on level 3 of the Dungeon.
You visited 1 branch of the dungeon, and saw 3 of its levels.

You collected 164 gold pieces.


Innate Abilities, Weirdness & Mutations

You have a pair of horns on your head.
You reflexively headbutt those who attack you in melee.


   Skills:
 - Level 3.0 Fighting
 + Level 5.1 Ranged Weapons
 - Level 1.0 Armour
 - Level 2.1 Dodging
 - Level 1.0 Spellcasting
 - Level 2.0 Hexes


You had 5 spell levels left.
You knew the following spells:

 Your Spells              Type           Power      Damage    Failure   Level
a - Slow                  Hex            16%        N/A       34%         1

Your spell library contained the following spells:

 Spells                   Type           Power      Damage    Failure   Level
 Inner Flame              Hex/Fire       2%         N/A       83%         3
 Portal Projectile        Hex/Tloc       4%         N/A       83%         3
 Cause Fear               Hex            2%         N/A       98%         4

Inventory:

Hand Weapons
 Y - a +1 sling (weapon)
Armour
 e - a +0 ring mail (worn)
 f - a +2 hat (worn)
Scrolls
 a - 3 scrolls of identify
 b - a scroll of butterflies {unknown}
 c - a scroll of noise {unknown}
Potions
 d - a potion of degeneration {unknown}
 g - a potion of curing
 i - a potion of haste {unknown}

Dungeon Overview and Level Annotations

Branches:
Dungeon (3/15)

Altars:
Qazlal


Message History

The sling bullet hits the gnoll sergeant.
The gnoll sergeant is lightly wounded.
You shoot a sling bullet.
The sling bullet barely misses the gnoll sergeant.
You shoot a sling bullet.
The sling bullet hits the gnoll sergeant but does no damage.
The gnoll sergeant is lightly wounded.
You shoot a sling bullet.
The sling bullet hits the gnoll sergeant but does no damage.
The gnoll sergeant is lightly wounded.
The gnoll sergeant hits you from afar with a +0 spear.
You shoot a sling bullet.
The sling bullet hits the gnoll sergeant but does no damage.
The gnoll sergeant hits you from afar with a +0 spear.
The gnoll sergeant misses you.
You shoot a sling bullet.
The sling bullet hits the gnoll sergeant but does no damage.
The gnoll sergeant hits you from afar with a +0 spear!
You shoot a sling bullet.
The sling bullet hits the gnoll sergeant but does no damage.
The gnoll sergeant hits you but does no damage.
You shoot a sling bullet.
The sling bullet barely misses the gnoll sergeant.
The gnoll sergeant hits you from afar with a +0 spear!
You shoot a sling bullet.
The sling bullet hits the gnoll sergeant!
The gnoll sergeant is moderately wounded.
The gnoll sergeant hits you from afar with a +0 spear. x2
You shoot a sling bullet.
The sling bullet barely misses the gnoll sergeant.
The gnoll sergeant hits you from afar with a +0 spear!
You shoot a sling bullet.
The sling bullet hits the gnoll sergeant but does no damage.
The gnoll sergeant is moderately wounded.
The gnoll sergeant barely misses you.
You shoot a sling bullet.
The sling bullet hits the gnoll sergeant.
The gnoll sergeant is heavily wounded.
The gnoll sergeant hits you from afar with a +0 spear.
You die...

##### #.#.####
##### #.#....#
#...
#.#.##.#####.##
#....g.@......#
#.#.#.....##..##.#
#.#.#.###.##..##.#
#.###.# #.##..##.#
...# #.# #.#
#.##..##.# ..###.#
#.# #.##..##.#
....#.# #.#
#.#...##.# .^#.#g#
#.. #.#.#.##.#
######.#.#.# ###
#........##


You could see a gnoll sergeant.

Vanquished Creatures
  Terence (D:2)
  5 gnolls
  2 adders
  A dart slug (D:2)
  3 orcs
  3 endoplasms
  2 giant cockroaches
  6 goblins
  6 hobgoblins
  4 kobolds
  A quokka (D:1)
  6 ball pythons
  3 bats
  4 frilled lizards
  10 rats
57 creatures vanquished.

Notes
Turn   | Place    | Note
-------+----------+-------------------------------------------
     0 | D:1      | qw the Minotaur Hexslinger began the quest for the Orb.
     0 | D:1      | Reached XP level 1. HP: 16/16 MP: 1/1
     0 | D:1      | 0 ||| qw: Version: 0.3-a-32-g5962c71
     0 | D:1      | 0 ||| qw: Game counter: 7364
     0 | D:1      | 0 ||| qw: Melee chars always use a shield: true
     0 | D:1      | 0 ||| qw: God list: Okawaru
     0 | D:1      | 0 ||| qw: Allow faded altars: false
     0 | D:1      | 0 ||| qw: Do Orc after clearing Dungeon:15 true
     0 | D:1      | 0 ||| qw: Do second Lair branch before Depths: true
     0 | D:1      | 0 ||| qw: Lair rune preference: random
     0 | D:1      | 0 ||| qw: Goals: Normal
     0 | D:1      | 0 ||| PLANNING D:1-11
   119 | D:1      | Reached skill level 3 in Ranged Weapons
   119 | D:1      | Reached XP level 2. HP: 23/23 MP: 2/2
   633 | D:1      | 633 ||| UPGRADING to +0 leather armour.
   643 | D:1      | 643 ||| DROPPING +0 robe.
   644 | D:1      | 644 ||| DROPPING amulet of magic regeneration.
   645 | D:1      | 645 ||| READING 2 scrolls labelled UBIOKAETUIMM.
   646 | D:1      | 646 ||| READING scroll labelled YCWUOV XUJAMIU.
   647 | D:1      | 647 ||| READING scroll labelled XYUXIA NIOL.
   651 | D:1      | 651 ||| DRINKING 2 ruby potions.
   652 | D:1      | 652 ||| DROPPING scroll of poison.
   653 | D:1      | 653 ||| DROPPING potion of magic.
   684 | D:2      | 684 ||| STAIRDANCE
   725 | D:2      | 725 ||| STAIRDANCE
   728 | D:1      | Reached XP level 3. HP: 13/29 MP: 3/3
   797 | D:2      | 797 ||| STAIRDANCE
   843 | D:2      | 843 ||| STAIRDANCE
   923 | D:2      | 923 ||| STAIRDANCE
   930 | D:1      | HP: 2/29 [gnoll/+0 spear (8)]
   932 | D:1      | Reached skill level 4 in Ranged Weapons
  1045 | D:2      | 1045 ||| STAIRDANCE
  1062 | D:2      | 1062 ||| STAIRDANCE
  1084 | D:2      | 1084 ||| STAIRDANCE
  1116 | D:2      | 1116 ||| STAIRDANCE
  1146 | D:2      | 1146 ||| STAIRDANCE
  1215 | D:2      | 1215 ||| STAIRDANCE
  1819 | D:2      | Reached XP level 4. HP: 32/36 MP: 4/4
  1964 | D:2      | Found a stormy altar of Qazlal.
  2005 | D:2      | Noticed Terence
  2014 | D:2      | Killed Terence
  2015 | D:2      | Reached skill level 5 in Ranged Weapons
  2237 | D:2      | 2237 ||| UPGRADING to +0 ring mail.
  2247 | D:2      | 2247 ||| UPGRADING to +2 hat.
  2252 | D:2      | 2252 ||| DROPPING +0 leather armour.
  2253 | D:2      | 2253 ||| DROPPING ring of magical power.
  2254 | D:2      | 2254 ||| READING scroll labelled UTUESA ROCEERGH.
  2255 | D:2      | 2255 ||| READING scroll labelled HUHA RUTIBOTU.
  2256 | D:2      | 2256 ||| READING 2 scrolls of identify.
  2256 | D:2      | 2256 ||| IDENTIFYING purple potion
  2286 | D:3      | Reached skill level 1 in Armour
  2665 | D:3      | Reached XP level 5. HP: 35/42 MP: 5/5
  2667 | D:3      | 2667 ||| FLEEEEING.
  2668 | D:3      | 2668 ||| FLEEEEING.
  2669 | D:3      | 2669 ||| FLEEEEING.
  2670 | D:3      | 2670 ||| FLEEEEING.
  2671 | D:3      | 2671 ||| FLEEEEING.
  2679 | D:3      | Reached skill level 3 in Fighting
  2679 | D:3      | 2679 ||| FLEEEEING.
  2680 | D:3      | 2680 ||| FLEEEEING.
  2681 | D:3      | 2681 ||| FLEEEEING.
  2685 | D:3      | 2685 ||| FLEEEEING.
  2686 | D:3      | 2686 ||| FLEEEEING.
  2691 | D:3      | 2691 ||| FLEEEEING.
  2692 | D:3      | 2692 ||| FLEEEEING.
  2693 | D:3      | 2693 ||| FLEEEEING.
  2694 | D:3      | 2694 ||| FLEEEEING.
  2695 | D:3      | 2695 ||| FLEEEEING.
  2696 | D:3      | 2696 ||| FLEEEEING.
  2697 | D:3      | 2697 ||| FLEEEEING.
  2698 | D:3      | 2698 ||| FLEEEEING.
  2699 | D:3      | 2699 ||| FLEEEEING.
  2713 | D:3      | HP: 11/45 [gnoll sergeant/+0 spear (6)]
  2714 | D:3      | HP: 1/45 [gnoll sergeant/+0 spear (10)]
  2716 | D:3      | Slain by a gnoll sergeant

Levels and vault maps discovered:
D:1:      onia_arrival_handbag, layout_loops_cross
D:2:      minmay_general_purpose_star, layout_loops_corners, basic_altar,
          uniq_terence
D:3:      layout_basic

Skill      XL: |  1  2  3  4  5 |
---------------+----------------+-----
Ranged Weapons | 3 4 5 |  5.1
Fighting       | 2 3 |  3.0
Armour         | 1 |  1.0
Dodging        | |  2.1
Spellcasting   | |  1.0
Hexes          | |  2.0

Action                     |  1- 3 |  4- 6 || total
---------------------------+-------+-------++-------
   Fire: Sling             |   106 |    90 ||   196
    Use: Scroll            |     3 |     3 ||     6
         Potion            |     1 |       ||     1
 Armour: Robe              |     3 |       ||     3
         Leather armour    |     8 |     1 ||     9
         Ring mail         |       |    14 ||    14
  Dodge: Dodged            |    40 |    22 ||    62

Table legend:
 A = Non-vault XP
 B = Vault XP
 C = Vault XP percentage of total XP
 D = Non-vault monster count
 E = Vault monster count
 F = Vault count percentage of total count
                 A         B        C        D         E       F
            +---------+---------+-------+---------+---------+-------
      Total |     168 |      48 |  22.2 |      48 |       9 |  15.8
            +---------+---------+-------+---------+---------+-------
        D:1 |      60 |       4 |   6.2 |      21 |       4 |  16.0
        D:2 |      46 |      44 |  48.9 |      12 |       5 |  29.4
        D:3 |      62 |       0 |   0.0 |      15 |       0 |   0.0
            +---------+---------+-------+---------+---------+-------
